 Dungeon Crawl Stone Soup version 0.31-a0-200-gbc41564c69 (webtiles) character file.

Game seed: 15377506370254286809

103 qw the Shooter (level 4, -14/25 HPs)
             Began as a Deep Elf Hunter on June 25, 2023.
             Killed by divine providence
             ... invoked by an orc priest
              (17 damage)
             ... on level 3 of the Dungeon.
             The game lasted 00:00:37 (1840 turns).

qw the Shooter (Deep Elf Hunter)                    Turns: 1840, Time: 00:00:38

Health: -14/25     AC:  6    Str: 10    XL:     4   Next: 51%
Magic:  6/6        EV: 11    Int: 14    God:
Gold:   104        SH:  0    Dex: 18    Spells: 3/3 levels left

rFire   . . .        Y - +0 shortbow
rCold   . . .        (shield currently unavailable)
rNeg    . . .        g - +0 ring mail
rPois   .            (no helmet)
rElec   .            (no cloak)
rCorr   .            (no gloves)
SInv    .            c - +0 pair of boots
Will    .....        (no amulet)
Stlth   +            (no ring)
HPRegen 0.24/turn    (no ring)
MPRegen 0.10/turn

%: no passive effects
@: no status effects
A: no striking features
a: no special abilities


You were on level 3 of the Dungeon.
You visited 1 branch of the dungeon, and saw 3 of its levels.

You collected 104 gold pieces.


   Skills:
 - Level 1.5 Fighting
 + Level 7.9 Ranged Weapons
 - Level 2.4 Dodging
 - Level 1.2 Stealth


You had 3 spell levels left.
You didn't know any spells.
Your spell library was empty.

Inventory:

Hand Weapons
 Y - a +0 shortbow (weapon)
Armour
 c - a +0 pair of boots (worn)
 g - a +0 ring mail (worn)
Potions
 a - a potion of brilliance {unknown}
 d - a potion of haste
 e - a potion of curing {unknown}
 f - a potion of berserk rage {unknown}
 h - a potion of degeneration {unknown}

Dungeon Overview and Level Annotations

Branches:
Dungeon (3/15)

Altars:
Sif Muna


Message History

The arrow hits the orc!
You kill the orc!
The orc priest hits you with a +0 falchion.
You shoot an arrow.
The arrow closely misses the orc priest.
The arrow hits the orc!
You kill the orc!
You shoot an arrow. The arrow barely misses the orc priest.
The orc priest invokes the aid of Beogh against you.
Beogh smites you! The orc hits you but does no damage.
You shoot an arrow. The arrow hits the orc priest.
The orc priest is lightly wounded.
The orc priest looks braver for a moment.
The orc hits you with a +0 hand axe.
You shoot an arrow. The arrow hits the orc priest.
The orc priest is moderately wounded.
The orc priest looks braver for a moment.
The orc hits you but does no damage.
You shoot an arrow.
The arrow hits the orc priest but does no damage.
The orc priest is moderately wounded.
The orc priest begins to cast a cantrip, but forgets the words!
The orc hits you with a +0 hand axe.
The orc priest hits you but does no damage.
The orc priest calls down the wrath of Beogh upon you.
Beogh smites you! The orc hits you but does no damage.
You shoot an arrow.
The arrow closely misses the orc priest.
The orc priest miscasts a cantrip.
The orc priest closely misses you. The orc barely misses you.
You shoot an arrow. The arrow hits the orc priest.
The orc priest is severely wounded.
The orc priest hits you but does no damage.
The orc hits you with a +0 hand axe.
You shoot an arrow. The arrow hits the orc priest.
You kill the orc priest!
The orc priest invokes the aid of Beogh against you.
Beogh smites you!
Ouch! That really hurt!
You die...

# .# #. #.#
##.# #.# #...#
#.# .....# #.#
.....)##.#
.._..oo).# #@.#
###.# #. ##.#.#
.##.##....#
......#.###
.........##+#.#
#.....###.<...#
#..... #.....#
#.... #.....#


You could see an orc priest and an orc.

Vanquished Creatures
  An orc priest (D:3)
  Jessica (D:2)
  2 adders
  3 dart slugs
  2 orcs (D:3)
  An endoplasm (D:1)
  3 giant cockroaches (D:1)
  3 goblins
  4 hobgoblins
  7 jackals (D:1)
  6 ball pythons
  4 bats
  4 frilled lizards
  5 kobolds
  6 rats
52 creatures vanquished.

Notes
Turn   | Place    | Note
-------+----------+-------------------------------------------
     0 | D:1      | qw the Deep Elf Hunter began the quest for the Orb.
     0 | D:1      | Reached XP level 1. HP: 12/12 MP: 3/3
     0 | D:1      | 0 ||| qw: Version: 0.3-a-22-g0ed2b0b
     0 | D:1      | 0 ||| qw: Game counter: 5607
     0 | D:1      | 0 ||| qw: Melee chars always use a shield: true
     0 | D:1      | 0 ||| qw: God list: Okawaru
     0 | D:1      | 0 ||| qw: Allow faded altars: false
     0 | D:1      | 0 ||| qw: Do Orc after clearing Dungeon:15 true
     0 | D:1      | 0 ||| qw: Do second Lair branch before Depths: true
     0 | D:1      | 0 ||| qw: Lair rune preference: random
     0 | D:1      | 0 ||| qw: Goals: Normal
     0 | D:1      | 0 ||| PLANNING D:1-11
    96 | D:1      | Reached skill level 6 in Ranged Weapons
    96 | D:1      | Reached XP level 2. HP: 14/16 MP: 4/4
   341 | D:1      | 341 ||| Stepping ~*~*~tactically~*~*~ (outnumbered).
   580 | D:1      | Reached XP level 3. HP: 20/20 MP: 5/5
   924 | D:1      | 924 ||| UPGRADING to +0 ring mail.
   934 | D:1      | 934 ||| DROPPING +0 leather armour.
   935 | D:1      | 935 ||| READING scroll labelled COROUQ TEAPNEMO.
   938 | D:1      | 938 ||| READING scroll labelled MIAXEONI CYSIR.
   939 | D:1      | 939 ||| DRINKING 2 fizzy puce potions.
   940 | D:1      | 940 ||| DROPPING scroll of butterflies.
  1289 | D:2      | Noticed Jessica
  1290 | D:2      | Killed Jessica
  1291 | D:2      | Reached skill level 7 in Ranged Weapons
  1291 | D:2      | Reached XP level 4. HP: 25/25 MP: 6/6
  1797 | D:2      | 1797 ||| UPGRADING to +0 pair of boots.
  1802 | D:2      | 1802 ||| READING scroll labelled GYCIOR NIDOF.
  1823 | D:3      | Found a shimmering blue altar of Sif Muna.
  1837 | D:3      | HP: 4/25 [orc priest/divine providence (7)]
  1840 | D:3      | Killed from afar by an orc priest

Levels and vault maps discovered:
D:1:      psy_arrival_basics, layout_basic, minmay_strange_pillars,
          hangedman_decor_growths, minmay_misc_feat_chi, minmay_tetromino_i2
D:2:      layout_loops_corners, corexii_hall_statues_u, uniq_jessica
D:3:      layout_basic, lemuel_round_altar, mainiacjoe_overflow_catwalk

Skill      XL: |  1  2  3 |
---------------+----------+-----
Ranged Weapons | 6 7 |  7.9
Fighting       | |  1.5
Dodging        | |  2.4
Stealth        | |  1.2

Action                     |  1- 3 |  4- 6 || total
---------------------------+-------+-------++-------
   Fire: Shortbow          |    92 |    41 ||   133
    Use: Scroll            |     2 |     1 ||     3
         Potion            |     1 |       ||     1
 Armour: Leather armour    |     4 |       ||     4
         Ring mail         |     1 |    12 ||    13
  Dodge: Dodged            |    12 |     9 ||    21

Table legend:
 A = Non-vault XP
 B = Vault XP
 C = Vault XP percentage of total XP
 D = Non-vault monster count
 E = Vault monster count
 F = Vault count percentage of total count
                 A         B        C        D         E       F
            +---------+---------+-------+---------+---------+-------
      Total |     149 |      40 |  21.2 |      49 |       3 |   5.8
            +---------+---------+-------+---------+---------+-------
        D:1 |      43 |       3 |   6.5 |      25 |       2 |   7.4
        D:2 |      45 |      37 |  45.1 |      20 |       1 |   4.8
        D:3 |      61 |       0 |   0.0 |       4 |       0 |   0.0
            +---------+---------+-------+---------+---------+-------
